 Dungeon Crawl Stone Soup version 0.30-a0-1157-g2cc9ac7196 (webtiles) character file.

Game seed: 10489270047646698563

7783 BlueFish the Covert (level 11, -1/72 HPs)
             Began as an Octopode Fighter on Apr 25, 2023.
             Slain by an orc
             ... wielding a +0 short sword
              (3 damage)
             ... on level 9 of the Dungeon.
             The game lasted 00:28:25 (8439 turns).

BlueFish the Covert (Octopode Fighter)              Turns: 8439, Time: 00:28:25

Health: -1/72      AC:  1    Str: 24    XL:     11   Next: 20%
Magic:  15/16      EV: 14    Int: 16    God:
Gold:   504        SH:  7    Dex: 11    Spells: 12/17 levels left

rFire   . . .        y - +6 whip of Jiuczix {heavy, Will++ Str+3}
rCold   . . .        n - +2 buckler {reflect}
rNeg    . . .        (helmet restricted)
rPois   .            l - amulet of regeneration
rElec   .            e - ring of see invisible
rCorr   +            q - +6 ring of intelligence
SInv    +            v - ring of resist corrosion
Will    ++...        N - ring of flight
Stlth   +++++        (no ring)
HPRegen 1.12/turn    (no ring)
MPRegen 0.15/turn    (no ring)
                     (no ring)

%: reflection
@: flying
A: almost no armour, amphibious, 8 rings, camouflage 1, gelatinous body 1,
(nimble swimmer 1), tentacles
a: no special abilities


You were on level 9 of the Dungeon.
You visited 2 branches of the dungeon, and saw 10 of its levels.
You also visited: Bailey.

You collected 691 gold pieces.
You spent 187 gold pieces at shops.

Inventory:

Hand Weapons
 a - a +0 flail
 o - a +0 morningstar
 r - a +0 whip
 x - a +0 mace
 y - the +6 whip of Jiuczix (weapon) {heavy, Will++ Str+3}
   (You bought it in a shop on level 4 of the Dungeon)

   Str:       It affects your strength (+3).
   Will:      It greatly increases your willpower.
Missiles
 p - 42 stones (quivered)
 t - 13 boomerangs
 A - 3 poisoned darts
 J - 4 javelins
Armour
 n - a +2 buckler of reflection (worn)
Jewellery
 e - a ring of see invisible (left tentacle)
 l - an amulet of regeneration (around mantle)
 q - a +6 ring of intelligence (right tentacle)
 v - a ring of resist corrosion (on tentacle)
 N - a ring of flight (on tentacle)
Wands
 j - a wand of light (13)
 F - a wand of iceblast (8)
 G - a wand of flame (47)
 O - a wand of polymorph (11)
Scrolls
 f - 3 scrolls of enchant armour {unknown}
 g - 5 scrolls of teleportation
 m - a scroll of fear {unknown}
 w - 2 scrolls of noise {unknown}
 z - 4 scrolls of brand weapon {unknown}
 B - 2 scrolls of identify
 C - a scroll of amnesia {unknown}
 D - a scroll of fog {unknown}
 E - 4 scrolls of vulnerability {unknown}
 H - a scroll of enchant weapon {unknown}
 K - a scroll of magic mapping {unknown}
 L - a scroll of blinking {unknown}
 P - a scroll of immolation {unknown}
Potions
 b - a potion of lignification
 c - 3 potions of might
 d - 3 potions of magic
 h - 2 potions of mutation
 i - a potion of ambrosia
 k - 4 potions of curing
 s - 2 potions of brilliance {unknown}
 u - a potion of berserk rage {unknown}
 I - 2 potions of flight {unknown}
 M - a potion of invisibility
 Q - 2 potions of heal wounds {unknown}
 R - a potion of cancellation {unknown}


   Skills:
 + Level 5.9 Fighting
 + Level 5.5 Maces & Flails
 + Level 4.4 Throwing
 + Level 5.6 Dodging
 * Level 10.0 Stealth
 + Level 5.6 Shields
 + Level 3.9 Spellcasting
 + Level 4.2 Conjurations
 + Level 4.0 Air Magic
 + Level 7.1 Poison Magic
 + Level 5.0 Evocations


You had 12 spell levels left.
You knew the following spells:

 Your Spells              Type           Power      Damage    Failure   Level
a - Poisonous Vapours     Pois/Air       42%        N/A       3%          2
b - Mephitic Cloud        Conj/Pois/Air  19%        N/A       8%          3

Your spell library contained the following spells:

 Spells                   Type           Power      Damage    Failure   Level
 Magic Dart               Conj           64%        1d6       3%          1
 Foxfire                  Conj/Fire      36%        2x1d5     9%          1
 Call Imp                 Summ           6%         N/A       30%         2
 Summon Guardian Golem    Hex/Summ       3%         N/A       52%         3
 Freezing Cloud           Conj/Ice/Air   6%         6-21      87%         5
 Fireball                 Conj/Fire      4%         3d4       93%         5
 Summon Mana Viper        Hex/Summ       3%         N/A       99%         5
 Plasma Beam              Fire/Air       4%         2x1d16    100%        6
 Starburst                Conj/Fire      4%         6d4       100%        6
 Malign Gateway           Summ/Tloc      1%         N/A       100%        7
 Summon Horrible Things   Summ           1%         N/A       100%        8


Dungeon Overview and Level Annotations

Branches:
Dungeon (9/15)             Temple (1/1) D:5          Bailey (visited)
   Lair: D:8-11         Orc: D:9-12

Altars:
Ashenzari
Dithmenos
Elyvilon
Fedhas
Gozag
Hepliaklqana
Kikubaaqudgha
Makhleb
Nemelex Xobeh
Okawaru
Qazlal
Ru
Sif Muna
Trog
Uskayaw
Vehumet
Wu Jian
Xom
Yredelemnul
Zin
The Shining One

Shops:
D:4 ([(*   D:5 (([!

Annotations:
D:6 2 transporters, superbruh's ghost, weakling MiFi
D:8 2 runed translucent doors, Twinkles's ghost, novice AtMo


Innate Abilities, Weirdness & Mutations

You cannot wear most types of armour.
You are amphibious.
You can wear up to eight rings at the same time.
Your skin changes colour to match your surroundings (Stealth+).
Your rubbery body absorbs attacks. (AC +1, EV +1)
((You are camouflaged when in or above water. (Stealth+)))
You have tentacles for arms and can constrict up to eight enemies at once.


Message History

The small abomination misses you.
You closely miss the small abomination.
The small abomination is severely damaged.
The small abomination hits you.
You barely miss the small abomination.
The small abomination is severely damaged.
You block the small abomination's attack.
The small abomination hits you!!
You whack the orc wizard! Your grab misses the orc wizard.
The orc wizard is severely wounded.
You block the small abomination's attack.
You barely miss the small abomination.
The small abomination is severely damaged.
The small abomination hits you!
The orc wizard points at you and mumbles some strange words.
Your +2 buckler of reflection blocks the puff of flame... and reflects it back!
The puff of flame hits the orc wizard!
You kill the orc wizard!
The small abomination hits you!!
* * * LOW HITPOINT WARNING * * *
The orc closely misses you.
You closely miss the small abomination.
You squeeze the small abomination, but do no damage.
The small abomination is severely damaged.
The small abomination hits you.
* * * LOW HITPOINT WARNING * * *
The orc attacks as you move away! You block the orc's attack.
The small abomination hits you!!
* * * LOW HITPOINT WARNING * * *
Things that are here:
a +0 dagger; a +0 robe; an orc corpse
Okay, then.
Okay, then.
Aiming: Bolt of Light
Press: ? - help, Shift-Dir - straight line, f - small abomination
Aim: a small abomination (severely damaged, 74% to hit)
The bolt of light hits the small abomination!!
You destroy the small abomination!
The orc hits you with a +0 short sword.
You die...

.#.....#..'.÷.#.......#...+....#.
.#..∩..#..#...#.......#..)#....#.
.#.....#).#...#.......#...#....'.
.#.....#[##...#.......#...#....#.
.###)###.##...#.......#...##..##.
...#.#........#..[....#...##..###
...#.#........#.......#........#.
.###.###......#.......#........#.
.....)!)......#.@.....#........#.
.#######......#o......#........#.
...# ####...........#.....#####
...# ##.o###################.
...# #....# #.... ...# #....#
#.... ...# #....# #.... ...#
#....# #.... ...# #....# #....


You could see 2 orcs.

Vanquished Creatures
  An orc warlord (Bailey)
  A two-headed ogre (D:9)
  A manticore (D:8)
  Joseph (D:7)
  Maurice (D:8)
  A small abomination (D:9)
  A wyvern (D:9)
  Grum (D:8)
  Edmund (D:6)
  2 acid dragons
  Duvessa (D:5)
  A sky beast (D:7)
  19 orc warriors
  A black bear (D:5)
  4 wolves (D:8)
  2 centaurs
  3 ogres
  A bullfrog (D:9)
  2 scorpions
  5 wights (D:8)
  3 killer bees (D:7)
  Dowan (D:5)
  A crimson imp (D:8)
  2 jellies
  2 hounds
  A gnoll bouda (D:5)
  7 orc priests
  Natasha (D:3)
  Terence (D:2)
  4 iguanas
  14 orc wizards
  11 gnolls
  8 adders
  A shadow imp (D:7)
  2 worms
  4 dart slugs
  43 orcs
  2 bat zombies (D:7)
  10 endoplasms
  4 giant cockroaches
  19 goblins
  17 hobgoblins
  5 kobolds
  7 quokkas
  7 ball pythons
  11 bats
  4 frilled lizards
  6 rats
  2 rat zombies (D:7)
250 creatures vanquished.

Notes
Turn   | Place    | Note
-------+----------+-------------------------------------------
     0 | D:1      | BlueFish the Octopode Fighter began the quest for the Orb.
     0 | D:1      | Reached XP level 1. HP: 16/16 MP: 1/1
    44 | D:1      | Reached skill level 1 in Stealth
    80 | D:1      | Reached XP level 2. HP: 21/21 MP: 2/2
   255 | D:1      | Reached skill level 2 in Stealth
   292 | D:1      | Reached XP level 3. HP: 23/26 MP: 3/3
   656 | D:2      | Noticed Terence
   662 | D:2      | Killed Terence
   663 | D:2      | Reached XP level 4. HP: 31/31 MP: 4/4
   698 | D:2      | Reached skill level 3 in Stealth
  1236 | D:3      | Noticed Natasha
  1243 | D:3      | Killed Natasha
  1244 | D:3      | Reached XP level 5. HP: 36/36 MP: 5/5
  1300 | D:3      | Reached skill level 1 in Throwing
  1379 | D:3      | Reached skill level 4 in Stealth
  1393 | D:3      | Reached skill level 1 in Evocations
  1454 | D:3      | Reached XP level 6. HP: 37/42 MP: 6/6
  1495 | D:3      | Learned a level 2 spell: Poisonous Vapours
  1499 | D:3      | Learned a level 3 spell: Mephitic Cloud
  1740 | D:4      | Found Nielywk's Weapon Shoppe.
  1793 | D:4      | Found Rutyl's General Store.
  1989 | D:4      | Reached skill level 1 in Poison Magic
  2009 | D:4      | Reached XP level 7. HP: 16/47 MP: 6/8
  2057 | D:4      | Found Suojehot's Antique Weapon Emporium.
  2070 | D:4      | Bought a translucent whip for 187 gold pieces
  2070 | D:4      | Identified the +6 whip of Jiuczix {heavy, Will++ Str+3}
                  | (You bought it in a shop on level 4 of the Dungeon)
  2134 | D:4      | Found Qaha's Antique Armour Shoppe.
  2439 | D:5      | Entered Level 5 of the Dungeon
  2453 | D:5      | Found Veumuy's Antique Weapon Shop.
  2507 | D:5      | Reached skill level 5 in Stealth
  2507 | D:5      | Reached skill level 1 in Spellcasting
  2549 | D:5      | Found Ampaaf's Antique Armour Emporium.
  2570 | D:5      | Reached skill level 1 in Conjurations
  2570 | D:5      | Reached skill level 1 in Air Magic
  2596 | D:5      | Found a staircase to the Ecumenical Temple.
  2605 | Temple   | Entered the Ecumenical Temple
  2660 | D:5      | Found Ycwithridd's Distillery.
  3046 | D:5      | Reached XP level 8. HP: 54/54 MP: 5/10
  3087 | D:5      | Found Raskera's Antique Weapon Shoppe.
  3211 | D:5      | Noticed Duvessa
  3211 | D:5      | Noticed Dowan
  3218 | D:5      | Killed Duvessa
  3227 | D:5      | Killed Dowan
  3648 | D:6      | Found an opulent altar of Gozag.
  3694 | D:6      | Reached skill level 6 in Stealth
  3727 | D:6      | Found an iron altar of Okawaru.
  3785 | D:6      | Noticed Edmund
  3790 | D:6      | HP: 2/52 [Edmund/+2 flail of draining (3)]
  3795 | D:6      | Killed Edmund
  3939 | D:6      | Found a transporter.
  3941 | D:6      | Found a transporter.
  3943 | D:6      | Noticed superbruh's ghost (weakling MiFi)
  4052 | D:6      | Noticed a queen bee
  4535 | D:7      | Reached XP level 9. HP: 52/59 MP: 12/12
  4827 | D:7      | Reached skill level 7 in Stealth
  4895 | D:7      | Noticed Joseph
  4909 | D:7      | Killed Joseph
  4910 | D:7      | Reached skill level 5 in Poison Magic
  5554 | D:7      | Found an ancient bone altar of Kikubaaqudgha.
  5788 | D:8      | Reached skill level 8 in Stealth
  5809 | D:8      | Reached skill level 5 in Fighting
  5815 | D:8      | Reached skill level 5 in Shields
  5815 | D:8      | Reached XP level 10. HP: 29/66 MP: 14/14
  5851 | D:8      | Noticed Grum
  5866 | D:8      | Killed Grum
  5870 | D:8      | Noticed Maurice
  5879 | D:8      | Killed Maurice
  5880 | D:8      | Reached skill level 5 in Dodging
  6120 | D:8      | Found a large runed translucent door.
  6121 | D:8      | Found a large runed translucent door.
  6124 | D:8      | Noticed Twinkles's ghost (novice AtMo)
  6179 | D:8      | Found a white marble altar of Elyvilon.
  6179 | D:8      | Found a glowing silver altar of Zin.
  6180 | D:8      | Found a glowing golden altar of the Shining One.
  6301 | D:8      | Noticed a manticore
  6310 | D:8      | Killed a manticore
  6356 | D:8      | Found a bloodstained altar of Trog.
  6436 | D:8      | Found a burning altar of Makhleb.
  6437 | D:8      | Found a radiant altar of Vehumet.
  6681 | D:9      | Noticed a two-headed ogre
  6703 | D:9      | Killed a two-headed ogre
  6704 | D:9      | Reached skill level 5 in Maces & Flails
  6704 | D:9      | Reached skill level 9 in Stealth
  6972 | D:9      | Found a flagged portal.
  6981 | Bailey   | Entered a bailey
  7193 | Bailey   | Noticed an orc knight
  7448 | Bailey   | Noticed an orc warlord
  7493 | Bailey   | Killed an orc warlord
  7494 | Bailey   | Reached XP level 11. HP: 40/72 MP: 4/16
  7831 | Bailey   | Reached skill level 5 in Evocations
  7965 | Bailey   | Got the Octavo of Assistive Envenoming
  8177 | D:9      | Found a sacrificial altar of Ru.
  8357 | D:9      | Reached skill level 10 in Stealth
  8438 | D:9      | HP: 1/72 [small abomination (18)]
  8439 | D:9      | Slain by an orc

Illustrated notes

Levels and vault maps discovered:
D:1:      minmay_arrival_semitransparent, layout_rooms
D:2:      layout_basic, grunt_ministairs_11,
          nicolae_concentric_dashed_squares_mild, uniq_terence
D:3:      layout_rooms, uniq_natasha
D:4:      layout_cave_pools, serial_shops, nicolae_shop_advertising_works
          [nicolae_subvault_shop_adworks], nicolae_shop_hallway_plus,
          nicolae_inconvenience_store, shop
D:5:      dreamdust_elfheim, layout_cave_pods, minmay_temple_entry_mist,
          serial_shops, shop, nicolae_shop_hallway_stairs, shop, shop
D:6:      layout_basic, nicolae_overflow_crystal_walls,
          mainiacjoe_overflow_brackets, gammafunk_ghost_hive, uniq_edmund
D:7:      layout_basic, lemuel_zombie_altar_kikubaaqudgha, uniq_joseph,
          uniq_duvessa
D:8:      layout_basic, grunt_temple_overflow_lords_of_destruction,
          good_gods_temple_1, marbit_many_paths, ebering_ghost_disaster_area,
          uniq_maurice, uniq_grum
D:9:      layout_gridville, mainiacjoe_overflow_alcove_2, enter_bailey_7,
          laboratory
Temple:   nicolae_temple_ecumenical_triangle

Skill      XL: |  1  2  3  4  5  6  7  8  9 10 11 |
---------------+----------------------------------+-----
Stealth        | 1 2 3 4 5 6 8 9 10 | 10.0
Throwing       | 1 2 3 4 |  4.4
Evocations     | 1 2 3 4 5 |  5.0
Poison Magic   | 1 2 4 5 7 |  7.1
Maces & Flails | 3 4 5 |  5.5
Spellcasting   | 1 2 3 |  3.9
Fighting       | 4 5 |  5.9
Shields        | 4 5 |  5.6
Conjurations   | 1 2 3 4 |  4.2
Air Magic      | 1 2 3 4 |  4.0
Dodging        | 4 5 |  5.6

Action                     |  1- 3 |  4- 6 |  7- 9 | 10-12 || total
---------------------------+-------+-------+-------+-------++-------
  Melee: Flail             |    55 |    27 |       |       ||    82
         Constrict         |     7 |    40 |    40 |    35 ||   122
         Tentacles         |     4 |    30 |    25 |    25 ||    84
         Whip              |       |   121 |   162 |   159 ||   442
         Punch             |       |     1 |     3 |     2 ||     6
  Throw: Boomerang         |       |     5 |       |       ||     5
         Dart              |       |       |     5 |       ||     5
         Stone             |       |       |     2 |    11 ||    13
   Cast: Poisonous Vapours |       |       |    18 |    39 ||    57
         Mephitic Cloud    |       |       |     3 |    28 ||    31
  Evoke: Wand              |       |       |     1 |     6 ||     7
    Use: Scroll            |     2 |     3 |       |     1 ||     6
         Potion            |       |     1 |     1 |       ||     2
   Stab: Sleeping          |     5 |    13 |     7 |     2 ||    27
         Distracted        |     1 |       |       |       ||     1
         Confused          |       |       |       |    13 ||    13
         Invisible         |       |       |       |     1 ||     1
 Armour: Skin              |     3 |     6 |     4 |     2 ||    15
  Dodge: Dodged            |    34 |    64 |   112 |    59 ||   269
  Block: Buckler           |    15 |    37 |    54 |    37 ||   143
         Reflection        |       |     1 |     2 |     1 ||     4

Table legend: (Time is in decaauts)
 A = Elapsed time spent in this place.
 B = Non-inter-level travel time spent in this place.
 C = Inter-level travel time spent in this place.
 D = Time resting spent in this place.
 E = Time spent auto-exploring this place.
 F = Levels seen in this place.
 G = Mean time per level.
                   A        B        C        D        E       F      G
               +--------+--------+--------+--------+--------+-----+--------+
         Total |   8580 |   8350 |    230 |    186 |   5703 |  11 |  780.0 |
       Dungeon |   7505 |   7290 |    215 |    166 |   5102 |   9 |  833.9 |
        Temple |     43 |     28 |     15 |      0 |     18 |   1 |   43.0 |
        Bailey |   1030 |   1030 |      0 |     20 |    583 |   1 | 1030.0 |
               +--------+--------+--------+--------+--------+-----+--------+

Top non-repeatable levels by time:
     D:5: 1187 daAuts
     D:7: 1108 daAuts
  Bailey: 1030 daAuts
     D:8: 996 daAuts
     D:6: 879 daAuts
     D:9: 859 daAuts
     D:2: 727 daAuts
     D:4: 721 daAuts
     D:1: 529 daAuts
     D:3: 496 daAuts
  Temple: 43 daAuts
